Map: Eindringling LE

Players

Panda - Winner!

  • Race: Zerg Zerg
  • League: Diamond
  • Spawn Location: 5:00

PhotonMan

  • Race: Terran Terran
  • League: Diamond
  • Spawn Location: 11:00

VOD

Have the link to the VOD?

Description

Time

  • Played on: Sept. 9, 2017, 4:49 p.m.
  • Length: 3:01
Show
View Real Time Build Order
Export as new Build Order

Panda Zerg - Winner!

Build Orders: Pool Only 

Get SALT Encoding   

  12  0:01  Drone  
  13  0:18  Extractor  
  12  0:26  Spawning Pool  
  11  0:28  Drone  
  11  0:32  Drone  
  13  0:37  Drone  
  14  0:49  Overlord  
  14  1:13  Zergling x6  
  17  1:19  Queen  
  17  1:24  Metabolic Boost  
  19  1:29  Zergling x2  
  20  1:34  Zergling x2  
  21  1:45  Baneling Nest  
  20  1:48  Zergling x2  
  21  1:58  Overlord  
  21  2:15  Zergling x2  
  22  2:21  Zergling x2  
  22  2:34  Zergling x6  
Show
View Real Time Build Order
Export as new Build Order

PhotonMan Terran 

Build Orders:  

Get SALT Encoding   

  12  0:01  SCV  
  13  0:13  SCV  
  14  0:20  Supply Depot  
  14  0:25  SCV  
  15  0:29  Refinery  
  15  0:42  SCV  
  16  0:46  Barracks  
  16  0:54  SCV  
  17  1:08  SCV  
  18  1:20  SCV  
  20  1:35  Reaper  
  20  1:36  Orbital Command  
  20  1:46  Command Center  
  20  1:58  Factory  
  20  2:02  SCV  
  20  2:09  Reaper  
  21  2:17  Supply Depot  
Tags
 
Matchup
TvZ
Opening
Pool Only
Replay Pack
replays1
Spawn Locations
Cross Positions
Add a new tag
Caveats
  • Supply blocks, unpowered buildings, or Contaminate may cause inaccurate times.
  • Supply counts are checked every 10 seconds.